 Dungeon Crawl Stone Soup version 0.27-a0-1135-g81dfa19a63 (webtiles) character file.

Game seed: 3167748229497718627

228 LordDeathwing the Skirmisher (level 5, -4/47 HPs)
             Began as a Draconian Fighter on May 4, 2021.
             Slain by an ogre
             ... wielding a +0 giant club
              (14 damage)
             ... on level 3 of the Dungeon.
             The game lasted 00:14:49 (4060 turns).

LordDeathwing the Skirmisher (Draconian Fighter)    Turns: 4060, Time: 00:14:49

Health: -4/47      AC:  5    Str: 19    XL:     5   Next: 70%
Magic:  5/5        EV: 10    Int:  9    God:
Gold:   108        SH:  9    Dex: 10    Spells: 4/4 levels left

rFire    . . .     SeeInvis .   a - +0 trident
rCold    . . .     Faith    .   b - +0 kite shield
rNeg     . . .     Spirit   .   (armour unavailable)
rPois    .         Reflect  .   (helmet restricted)
rElec    .         Harm     .   (no cloak)
rCorr    +         Rampage  .   (no gloves)
Will     .....                  (no boots)
Stlth    ++........             (no amulet)
HPRegen  0.15/turn              o - ring of resist corrosion
MPRegen  0.09/turn              (no ring)

@: no status effects
A: AC +5, unfitting armour, cold-blooded
a: no special abilities


You were on level 3 of the Dungeon.
You visited 1 branch of the dungeon, and saw 4 of its levels.

You collected 108 gold pieces.

Inventory:

Hand Weapons
 a - a +0 trident (weapon)
Missiles
 q - 15 poisoned darts (quivered)
Armour
 b - a +0 kite shield (worn)
Jewellery
 o - a ring of resist corrosion (left hand)
Scrolls
 d - 2 scrolls of holy word {unknown}
 e - a scroll of immolation {unknown}
 h - 2 scrolls of torment {unknown}
 j - 3 scrolls of identify {unknown}
 k - 3 scrolls of enchant armour {unknown}
 m - a scroll of teleportation {unknown}
 n - a scroll of fear {unknown}
 r - a scroll of magic mapping {unknown}
 s - a scroll of amnesia {unknown}
Potions
 c - a potion of might
 f - 2 potions of mutation {unknown}
 g - a potion of flight {unknown}
 i - a potion of lignification {unknown}
 l - a potion of attraction {unknown}
 p - a potion of brilliance {unknown}


   Skills:
 + Level 4.4 Fighting
 * Level 3.8 Polearms
 + Level 0.0 Throwing
 - Level 3.0 Dodging
 + Level 2.0 Stealth
 + Level 3.9 Shields


You had 4 spell levels left.
You didn't know any spells.
Your spell library was empty.

Dungeon Overview and Level Annotations

Branches:
Dungeon (4/15)
 Temple: D:4-7

Altars:

Shops:
D:1 [(=**

Annotations:
D:1 exclusion: downstairs


Innate Abilities, Weirdness & Mutations

Your plain brown scales are hard. (AC +5)
You cannot fit into any form of body armour.
You are cold-blooded and may be slowed by cold attacks.


Message History

You puncture the ogre!
The ogre is heavily wounded.
You block the ogre's attack.
Things that are here:
a +0 dagger; 4 stones
There is a stone staircase leading up, spattered with blood here.
You reach to attack!
You hit the howler monkey skeleton.
The howler monkey skeleton is moderately damaged.
The howler monkey skeleton hits you. You block the jackal skeleton's attack.
The howler monkey skeleton hits you but does no damage.
You block the jackal skeleton's attack.
You climb upwards.
There is a stone staircase leading down, spattered with blood here.
You climb downwards.
You block the jackal skeleton's attack.
The howler monkey skeleton barely misses you.
There is a stone staircase leading up, spattered with blood here.
You hit the howler monkey skeleton.
You tail-slap the howler monkey skeleton.
The howler monkey skeleton is severely damaged.
You block the jackal skeleton's attack.
The howler monkey skeleton hits you but does no damage.
The jackal skeleton bites you but does no damage.
The ogre hits you with a +0 giant club!!
You block the howler monkey skeleton's attack.
The jackal skeleton bites you but does no damage.
The howler monkey skeleton hits you.
You climb upwards.
There is a stone staircase leading down, spattered with blood here.
Your shield prevents you from hitting the ogre.
The ogre is heavily wounded.
The ogre hits you with a +0 giant club!
* * * LOW HITPOINT WARNING * * *
You hit the ogre.
The ogre is heavily wounded.
You block the ogre's attack.
You hit the ogre.
The ogre is severely wounded.
The ogre hits you with a +0 giant club!
You die...

###............##..##..#
#.#
+.##..........##..###..#
#.# #.###........##..##
#..# #.#
'...####''#####..#
#..########.#
#.#........# #..#
#...........#
#.########)# #..#
##.##########
#..........# #..# #.#
################.# #.#
...............O@# #.#
######################.#
.......................#
.#######################
.# .# .# .# .#


You could see an ogre.

Vanquished Creatures
  A centaur zombie (D:2)
  A hound (D:3)
  4 gnolls (D:3)
  4 adders
  A worm (D:4)
  5 dart slugs
  An orc (D:3)
  6 endoplasms
  7 giant cockroaches
  7 goblins
  8 hobgoblins
  10 jackals
  2 quokkas
  6 ball pythons
  2 bats
  7 frilled lizards
  A kobold (D:4)
  5 rats
78 creatures vanquished.

Notes
Turn   | Place    | Note
-------+----------+-------------------------------------------
     0 | D:1      | LordDeathwing the Draconian Fighter began the quest for the
                  | Orb.
     0 | D:1      | Reached XP level 1. HP: 19/19 MP: 1/1
    33 | D:1      | Found Gaanarch's General Store.
    44 | D:1      | Found Veef Ton's Assorted Antiques.
   310 | D:1      | Found Niuryvah's Jewellery Boutique.
   315 | D:1      | Reached XP level 2. HP: 14/26 MP: 2/2
   479 | D:1      | Found Riowuq's Armour Shop.
   483 | D:1      | Found Polarchus's Weapon Boutique.
   782 | D:1      | Reached XP level 3. HP: 31/33 MP: 3/3
  1377 | D:2      | Reached skill level 1 in Stealth
  1377 | D:2      | Reached XP level 4. HP: 24/40 MP: 4/4
  1717 | D:2      | Reached skill level 4 in Fighting
  2341 | D:3      | Reached XP level 5. HP: 24/46 MP: 5/5
  4024 | D:4      | Noticed an ogre
  4060 | D:3      | Slain by an ogre

Illustrated notes

Levels and vault maps discovered:
D:1:      dpeg_arrival_court, layout_rooms, serial_rivers,
          chequers_serial_rivers_small_a, chequers_serial_rivers_micro_b,
          chequers_serial_rivers_small_3, chequers_serial_rivers_small_b,
          chequers_serial_rivers_small_b, chequers_serial_rivers_small_b,
          serial_shops, nicolae_shop_crystal, shop_fountains, shop, shop, shop,
          item_on_display_b
D:2:      layout_loops_ring
D:3:      kennysheep_big_flooded_room, layout_basic
D:4:      layout_rooms, uniq_eustachio

Skill      XL: |  1  2  3  4  5 |
---------------+----------------+-----
Dodging        | 3 |  3.0
Stealth        | 1 2 |  2.0
Fighting       | 4 |  4.4
Polearms       | 3 |  3.8
Shields        | |  3.9

Action                   |  1- 3 |  4- 6 || total
-------------------------+-------+-------++-------
Melee: Trident           |    98 |   160 ||   258
       Tailslap          |     9 |    16 ||    25
 Stab: Sleeping          |       |     3 ||     3
Armor: Skin              |    18 |    49 ||    67
Dodge: Dodged            |    39 |    61 ||   100
Block: Kite shield       |    36 |    82 ||   118

Table legend: (Time is in decaauts)
 A = Elapsed time spent in this place.
 B = Non-inter-level travel time spent in this place.
 C = Inter-level travel time spent in this place.
 D = Time resting spent in this place.
 E = Time spent auto-exploring this place.
 F = Levels seen in this place.
 G = Mean time per level.
                   A        B        C        D        E       F      G
               +--------+--------+--------+--------+--------+-----+--------+
         Total |   4182 |   4085 |     97 |   1010 |   2118 |   4 | 1045.5 |
       Dungeon |   4182 |   4085 |     97 |   1010 |   2118 |   4 | 1045.5 |
               +--------+--------+--------+--------+--------+-----+--------+

Top non-repeatable levels by time:
     D:3: 1840 daAuts
     D:1: 1168 daAuts
     D:2: 989 daAuts
     D:4: 184 daAuts
